Map: Terrazas de Prion

Players

Chronos - Winner!

  • Race: Terran Terran

nDr

  • Race: Protoss Protoss
  • League: Silver

VOD

Have the link to the VOD?

Description

Time

  • Played on: Nov. 13, 2015, 5:02 p.m.
  • Length: 10:43
Show
View Real Time Build Order
Export as new Build Order

Chronos Terran - Winner!

Build Orders: MMM Bio 

Get SALT Encoding   

  12  0:02  SCV  
  13  0:14  SCV  
  14  0:24  Supply Depot  
  14  0:26  SCV  
  15  0:45  SCV  
  16  0:50  Barracks  
  16  1:03  Barracks  
  16  1:08  SCV, Refinery  
  17  1:13  Refinery  
  17  1:20  SCV  
  18  1:29  Barracks  
  18  1:33  SCV  
  19  1:50  Orbital Command  
  19  1:53  Marine x2  
  21  2:06  Factory  
  21  2:17  Barracks Tech Lab  
  21  2:19  Marine x2  
  23  2:30  Supply Depot  
  23  2:36  Stimpack  
  23  2:45  Supply Depot  
  23  2:55  Starport  
  23  2:58  Factory Reactor  
  23  3:02  SCV  
  24  3:14  SCV  
  25  3:21  Marine, Marauder  
  25  3:22  Marine  
  25  3:26  SCV  
  30  3:39  Marine  
  30  3:40  Marine  
  32  3:42  Marine  
  33  3:54  Medivac  
  33  3:55  Medivac  
  37  3:57  Marine  
  37  3:58  Marine  
  39  4:09  Supply Depot  
  39  4:11  Supply Depot  
  39  4:13  Supply Depot  
  39  4:31  Hellion, Medivac x2, Marine x2  
  47  4:32  Marine  
  48  4:48  Marine x2  
  48  4:50  Marine  
  51  5:20  Engineering Bay  
  51  5:32  Command Center  
  51  5:54  Command Center  
  51  6:02  Missile Turret  
  51  6:05  Marine x2  
  33  6:58  SCV x2  
  35  7:10  SCV x2  
  37  7:22  SCV x2  
  39  7:24  Combat Shields  
  39  7:27  Marauder  
  41  7:34  SCV x2  
  43  7:46  SCV, Orbital Command  
  43  7:48  Marauder  
  46  7:51  Barracks Reactor x2  
  46  7:57  Factory Tech Lab  
  46  8:02  Viking x2  
  50  8:10  Marauder  
  52  8:27  Terran Infantry Armor Level 1  
  52  8:29  Marine x3  
  52  8:30  Marine  
  52  8:31  Marauder  
  52  8:32  Viking x2  
  62  8:43  Concussive Shells  
  62  8:47  Marine  
  62  8:48  Marine x3  
  66  8:52  Marauder  
  66  8:54  Orbital Command  
  68  9:02  Viking x2  
  70  9:05  Marine x4  
  76  9:12  Cyclone  
  76  9:14  Marauder  
  81  9:23  Marine x4  
  85  9:32  Viking x2  
  85  9:35  Marine  
  90  9:40  Marine  
  90  9:41  Marine x2  
  90  9:45  Supply Depot, Cyclone  
  96  9:46  Supply Depot x2  
  96  9:49  Supply Depot  
  90  10:06  Marine  
  90  10:07  Marine x4  
  83  10:24  Marine x3  
  83  10:25  Marine x2  
Show
View Real Time Build Order
Export as new Build Order

nDr Protoss 

Build Orders: Nexus First 

Get SALT Encoding   

  12  0:01  Probe (Chrono Boost)  
  13  0:15  Pylon  
  13  0:18  Probe (Chrono Boost)  
  15  0:28  Probe (Chrono Boost)  
  15  0:39  Probe (Chrono Boost)  
  16  0:49  Probe (Chrono Boost)  
  17  1:03  Probe (Chrono Boost)  
  18  1:05  Nexus  
  18  1:14  Probe (Chrono Boost)  
  19  1:18  Gateway  
  19  1:27  Assimilator  
  19  1:30  Probe (Chrono Boost)  
  19  1:31  Assimilator  
  20  1:40  Pylon  
  20  1:54  Probe (Chrono Boost)  
  21  2:03  Forge  
  21  2:05  Probe (Chrono Boost)  
  21  2:08  Cybernetics Core  
  22  2:11  Zealot  
  25  2:15  Probe (Chrono Boost)  
  25  2:19  Probe (Chrono Boost)  
  26  2:26  Probe (Chrono Boost)  
  27  2:35  Warp Gate (Chrono Boost)  
  29  2:44  Mothership Core (Chrono Boost)  
  29  2:47  Stalker  
  31  2:52  Probe  
  31  2:57  Pylon  
  32  3:01  Protoss Ground Weapons Level 1 (Chrono Boost)  
  32  3:03  Probe  
  32  3:05  Probe  
  34  3:19  Stalker  
  36  3:25  Robotics Facility  
  36  3:41  Gateway  
  36  3:44  Gateway  
  36  3:46  Gateway  
  36  3:55  Probe  
  36  3:56  Probe  
  36  4:02  Photon Cannon  
  38  4:04  Assimilator  
  38  4:08  Probe x2  
  40  4:13  Pylon  
  40  4:20  Probe x2  
  42  4:29  Observer  
  43  4:32  Probe  
  44  4:52  Probe x2, Twilight Council  
  46  4:56  Pylon  
  46  4:57  Pylon  
  46  4:58  Assimilator  
  46  5:04  Probe x2  
  48  5:10  Stalker x2  
  48  5:11  Stalker x2  
  56  5:31  Robotics Bay  
  56  5:33  Robotics Facility  
  56  5:37  Gateway, Blink  
  56  5:38  Gateway  
  56  5:50  Immortal  
  60  5:58  Probe x2  
  60  6:03  Stalker x2  
  66  6:10  Probe  
  65  6:28  Stalker x2  
  65  6:29  Stalker x2  
  51  6:40  Stalker x2  
  49  6:55  Stalker x2  
  53  7:05  Pylon  
  53  7:08  Probe  
  53  7:09  Probe  
  55  7:20  Probe  
  55  7:21  Probe  
  57  7:23  Colossus  
  63  7:31  Stalker  
  65  7:40  Probe x2  
  67  7:52  Probe x2  
  69  8:04  Probe  
  70  8:11  Stalker x4  
  70  8:12  Stalker  
  80  8:26  Warp Prism (Chrono Boost)  
  82  8:38  Stalker x2  
  86  8:48  Pylon  
  86  8:50  Pylon  
  86  8:52  Pylon  
  86  9:06  Colossus (Chrono Boost)  
  86  9:07  Pylon  
  92  9:21  Stalker x3  
  82  10:02  Stalker x4  
  82  10:03  Stalker x2  
  65  10:26  Stalker x3  
  65  10:27  Stalker x2  
Tags
 
Composition
MMM Bio
League
Silver
Matchup
PvT
Add a new tag
Caveats
  • Supply blocks, unpowered buildings, or Contaminate may cause inaccurate times.
  • Supply counts are checked every 10 seconds.